 Dungeon Crawl Stone Soup version 0.28-a0-1435-g82390b3a13 (webtiles) character file.

Game seed: 7309664429749351544

349 bande the Covered (level 6, -14/39 HPs)
             Began as a Gargoyle Fighter on Jan 10, 2022.
             Demolished by an ogre (17 damage)
             ... in the Ecumenical Temple.
             The game lasted 00:05:58 (3563 turns).

bande the Covered (Gargoyle Fighter)                Turns: 3563, Time: 00:05:58

Health: -14/39     AC: 14    Str: 20    XL:     6   Next: 60%
Magic:  6/6        EV:  7    Int:  8    God:
Gold:   88         SH:  4    Dex: 11    Spells: 5/5 levels left

rFire   + . .      SeeInvis .   a - +0 war axe
rCold   . . .      Faith    .   c - +0 buckler
rNeg    + + .      Spirit   .   d - +0 chain mail
rPois   ∞          Reflect  .   (no helmet)
rElec   +          Harm     .   (no cloak)
rCorr   .          Rampage  .   (no gloves)
Will    +....                   (no boots)
Stlth   ..........              (no amulet)
HPRegen 0.13/turn               f - ring of positive energy
MPRegen 0.10/turn               g - ring of Zaemposch {rElec rF+ Will+}

@: no status effects
A: sickness immunity, AC +4, negative energy resistance 1, electricity
resistance, torment resistance 1, petrification resistance
a: no special abilities


You were in the Ecumenical Temple.
You visited 2 branches of the dungeon, and saw 5 of its levels.

You collected 88 gold pieces.

Inventory:

Hand Weapons
 a - a +0 war axe (weapon)
 l - a +0 flail
Armour
 c - a +0 buckler (worn)
 d - a +0 chain mail (worn)
Jewellery
 f - a ring of positive energy (left hand)
 g - the ring of Zaemposch (right hand) {rElec rF+ Will+}
   (You acquired it on level 2 of the Dungeon)

   [ring of willpower]

   rF:        It protects you from fire.
   rElec:     It insulates you from electricity.
   Will:      It increases your willpower.
 k - a ring of wizardry
Scrolls
 b - a scroll of enchant weapon {unknown}
 e - 4 scrolls of identify
 i - a scroll of fog


   Skills:
 + Level 4.4 Fighting
 + Level 4.3 Axes
 + Level 4.5 Armour
 + Level 4.3 Shields


You had 5 spell levels left.
You didn't know any spells.
Your spell library was empty.

Dungeon Overview and Level Annotations

Branches:
Dungeon (6/15)             Temple (1/1) D:6

Altars:
Ashenzari
Dithmenos
Gozag
Hepliaklqana
Kikubaaqudgha
Makhleb
Nemelex Xobeh
Qazlal
Ru
Sif Muna
Trog
Uskayaw
Wu Jian
Xom
Yredelemnul
Zin


Innate Abilities, Weirdness & Mutations

You are immune to sickness and miasma.
Your stone body is resilient. (AC +4)
You are immune to poison.
You resist negative energy. (rN+)
You are resistant to electric shocks. (rElec)
You are resistant to unholy torment.
You are immune to petrification.


Message History

There is an open door here.
There is an open door here.
You open the door.
Found an opulent altar of Gozag.
There is an open door here.
Done exploring.
Done exploring.
There is a staircase back to the Dungeon here.
You climb upwards.
Welcome back to the Dungeon!
The ogre barely misses you.
There is a staircase to the Ecumenical Temple here.
You block the ogre's attack.
You climb downwards.
Welcome back to the Ecumenical Temple!
There is a staircase back to the Dungeon here.
You slash the ogre!
The ogre is moderately wounded.
The ogre hits you with a +0 giant club!!
Ouch! That really hurt!
You slash the ogre!
The ogre is heavily wounded.
You block the ogre's attack.
You barely miss the ogre.
The ogre is heavily wounded.
The ogre hits you but does no damage.
You slash the ogre!
The ogre is almost dead.
The ogre hits you with a +0 giant club.
You hit the ogre but do no damage.
The ogre is almost dead.
The ogre hits you but does no damage.
You hit the ogre.
The ogre is almost dead.
The ogre hits you with a +0 giant club!
* * * LOW HITPOINT WARNING * * *
You hit the ogre but do no damage.
The ogre is almost dead.
The ogre barely misses you.
You barely miss the ogre.
The ogre is almost dead.
The ogre hits you with a +0 giant club!
You die...

#.....###...###.....#
##......##'##......##
###.............###
##...........##
##.........##
#####.........#####
##...##.⌠...⌠.##...##
#.....#.......#.....#
#.._..'..O@...'.._..#
#.....#.......#.....#
##...##.⌠...⌠.##...##
#####.........#####
##.........##
##...........##
###.............###
##......##'##......##
#.....###...###.....#


You could see an ogre.

Vanquished Creatures
  Sigmund (D:2)
  2 orc priests (D:2)
  An orc wizard (D:3)
  A gnoll (D:1)
  3 adders
  4 dart slugs
  9 orcs
  7 bats
  3 endoplasms (D:1)
  A giant cockroach (D:1)
  4 goblins
  4 hobgoblins
  3 jackals (D:2)
  2 quokkas
  5 ball pythons
  A frilled lizard (D:2)
  5 kobolds
  5 rats
61 creatures vanquished.

Notes
Turn   | Place    | Note
-------+----------+-------------------------------------------
     0 | D:1      | bande the Gargoyle Fighter began the quest for the Orb.
     0 | D:1      | Reached XP level 1. HP: 14/14 MP: 1/1
   321 | D:1      | Reached XP level 2. HP: 19/19 MP: 2/2
   869 | D:1      | Reached XP level 3. HP: 23/23 MP: 3/3
  1631 | D:2      | Identified a scroll of acquirement
  1631 | D:2      | Acquired the ring of Zaemposch {rElec rF+ Will+}
  1691 | D:2      | Noticed Sigmund
  1700 | D:2      | Killed Sigmund
  1701 | D:2      | Reached XP level 4. HP: 11/29 MP: 4/4
  1701 | D:2      | Reached XP level 5. HP: 13/33 MP: 5/5
  2121 | D:2      | Reached XP level 6. HP: 15/38 MP: 6/6
  2409 | D:2      | Found a faded altar of an unknown god.
  3279 | D:3      | Found an ornate altar of the Wu Jian Council.
  3279 | D:3      | Found a burning altar of Makhleb.
  3298 | D:3      | You fall into a shaft and drop 3 floors!
  3298 | D:6      | Found a staircase to the Ecumenical Temple.
  3301 | Temple   | Entered the Ecumenical Temple
  3563 | Temple   | Demolished by an ogre

Illustrated notes

Levels and vault maps discovered:
D:1:      giann_horns, layout_loops_corners, grunt_decor_mini_mirrors
D:2:      layout_basic, dreamdust_ecumenical_altar_statues, uniq_sigmund
D:3:      layout_loops_ring, mainiacjoe_overflow_divided_tiny,
          minmay_tree_intersection
D:6:      hellmonk_warped_wall, layout_rooms, minmay_temple_entry_overgrown
Temple:   minmay_temple_curvy_branch

Skill      XL: |  1  2  3  4  5  6 |
---------------+-------------------+-----
Axes           | 2 3 4 |  4.3
Fighting       | 4 |  4.4
Armour         | 4 |  4.5
Shields        | 4 |  4.3

Action                   |  1- 3 |  4- 6 || total
-------------------------+-------+-------++-------
Melee: War axe           |    80 |    99 ||   179
  Use: Scroll            |     2 |     5 ||     7
       Potion            |     1 |       ||     1
Armor: Scale mail        |    49 |    15 ||    64
       Chain mail        |       |    44 ||    44
Dodge: Dodged            |    49 |    34 ||    83
Block: Buckler           |    31 |    20 ||    51

Table legend: (Time is in decaauts)
 A = Elapsed time spent in this place.
 B = Non-inter-level travel time spent in this place.
 C = Inter-level travel time spent in this place.
 D = Time resting spent in this place.
 E = Time spent auto-exploring this place.
 F = Levels seen in this place.
 G = Mean time per level.
                   A        B        C        D        E       F      G
               +--------+--------+--------+--------+--------+-----+--------+
         Total |   3631 |   3621 |     10 |    827 |   2274 |   5 |  726.2 |
       Dungeon |   3368 |   3358 |     10 |    827 |   2028 |   4 |  842.0 |
        Temple |    262 |    262 |      0 |      0 |    246 |   1 |  262.0 |
               +--------+--------+--------+--------+--------+-----+--------+

Top non-repeatable levels by time:
     D:1: 1650 daAuts
     D:2: 1280 daAuts
     D:3: 432 daAuts
  Temple: 262 daAuts
     D:6: 5 daAuts
